 Dungeon Crawl Stone Soup version 0.26-a0-642-g67e99244d3 (webtiles) character file.

Game seed: 14515593414630216932

59054 Gottschkopf the Bludgeoner (level 14, -20/195 HPs)
             Began as a Minotaur Fighter on Sept 23, 2020.
             Was the Champion of Okawaru.
             Killed from afar by a spark wasp (32 damage)
             ... with a living lightning
             ... on level 2 of the Spider Nest.
             The game lasted 01:00:34 (20873 turns).

Gottschkopf the Bludgeoner (Minotaur Fighter)      Turns: 20873, Time: 01:00:35

Health: -20/195    AC: 27    Str: 24    XL:     14   Next: 51%
Magic:  13/13      EV:  2    Int:  5    God:    Okawaru [******]
Gold:   1243       SH: 12    Dex: 16    Spells: 9/13 levels left

rFire    + . .     SeeInvis .   O - +6 morningstar of the Land of Plenty {pain, rPois Dex+4}
rCold    . . .     Faith    +   d - +0 kite shield
rNeg     + + +     Spirit   .   (armour currently unavailable)
rPois    +         Reflect  .   (helmet currently unavailable)
rElec    .         Harm     .   (cloak currently unavailable)
rCorr    .         Rampage  .   (gloves currently unavailable)
MR       +....     NoTele   +   (boots currently unavailable)
Stlth    ++........             s - amulet of faith
HPRegen  0.42/turn              h - +4 ring of evasion
MPRegen  0.13/turn              K - ring of protection from fire

@: tree-form
A: (retaliatory headbutt)
a: Heroism, Finesse, Renounce Religion


You were on level 2 of the Spider Nest.
You worshipped Okawaru.
Okawaru was exalted by your worship.
You were a tree.
You visited 4 branches of the dungeon, and saw 19 of its levels.
You also visited: Sewer and Ossuary.

You collected 1557 gold pieces.
You spent 314 gold pieces at shops.

Inventory:

Hand Weapons
 a - the +7 whip of the Shore {chaos, Str+4}
   (You found it on level 7 of the Dungeon)

   Each time it hits an enemy it has a different, random effect.
   It affects your strength (+4).
 f - a +1 broad axe of flaming
 u - a +2 war axe of draining
 v - a +7 flail of protection
 w - a +6 morningstar of freezing
 M - a +0 scimitar of flaming
 N - a +1 great mace of protection
 O - the +6 morningstar of the Land of Plenty (weapon) {pain, rPois Dex+4}
   (You found it on level 14 of the Dungeon)

   In the hands of one skilled in necromantic magic, it inflicts extra damage on
   living creatures.
   It affects your dexterity (+4).
   It protects you from poison.
 T - the +7 halberd of Peorghima {antimagic, rPois}
   (You found it on level 1 of the Spider Nest)

   It reduces the magical energy of the wielder, and disrupts the spells and
   magical abilities of those hit.
   Natural abilities and divine invocations are not affected.
   It protects you from poison.
Armour
 d - a +0 kite shield (worn)
 r - a +7 chain mail (melded)
 z - a +1 pair of gloves of dexterity (melded)
 H - a +1 cloak (melded)
 Q - a scarf of harm
 R - a +1 hat (melded)
 V - a +2 pair of boots of stealth (melded)
Jewellery
 h - a +4 ring of evasion (left branch)
 s - an amulet of faith (around neck)
 K - a ring of protection from fire (right branch)
Wands
 b - a wand of polymorph (12)
 j - a wand of iceblast (9)
 q - a wand of acid (13)
 x - a wand of digging (5)
 C - a wand of paralysis (18)
 J - a wand of random effects (14)
 S - a wand of flame (11)
Scrolls
 l - 9 scrolls of remove curse
 m - 14 scrolls of teleportation
 o - 5 scrolls of blinking
 y - a scroll of fear
 A - 11 scrolls of identify
 D - 2 scrolls of fog
 F - a scroll of noise
 G - a scroll of torment
 I - 3 scrolls of amnesia
 L - 3 scrolls of immolation
 P - a scroll of magic mapping
Potions
 e - 3 potions of cancellation
 g - 2 potions of flight
 i - 13 potions of curing
 k - 3 potions of resistance
 n - 4 potions of brilliance
 p - 2 potions of haste
 t - 2 potions of stabbing
 B - 3 potions of lignification
 U - a potion of ambrosia {unknown}
Miscellaneous
 E - a phial of floods


   Skills:
 - Level 13.8 Fighting
 - Level 2.2 Long Blades
 - Level 0.9(10.8) Axes
 - Level 15.9(16.0) Maces & Flails
 - Level 12.9 Armour
 - Level 11.0 Dodging
 - Level 2.2 Stealth
 + Level 9.1 Shields
 - Level 6.0 Hexes


You had 9 spell levels left.
You knew the following spells:

 Your Spells              Type           Power        Failure   Level
a - Wereblood             Tmut           #.......     86%         2
b - Slow                  Hex            #.......     14%         2

Your spell library contained the following spells:

 Spells                   Type           Power        Failure   Level
 Corona                   Hex            #......      10%         1
 Confusing Touch          Hex            #.......     28%         3
 Cause Fear               Hex            #.........   67%         4
 Inner Flame              Hex/Fire       #.......     69%         3
 Portal Projectile        Hex/Tloc       #.....       69%         3
 Animate Skeleton         Necr           #.....       75%         1
 Beastly Appendage        Tmut           #.....       75%         1
 Pain                     Necr           #...         75%         1
 Shock                    Conj/Air       #...         75%         1
 Poisonous Vapours        Pois/Air       #.....       86%         2
 Swiftness                Air            #.......     86%         2
 Leda's Liquefaction      Hex/Erth       #.........   97%         4
 Conjure Flame            Conj/Fire      #.......     98%         3
 Gell's Gravitas          Tloc           #.........   98%         3
 Mephitic Cloud           Conj/Pois/Air  #.......     98%         3
 Spider Form              Tmut/Pois      #.........   98%         3
 Static Discharge         Conj/Air       #.......     98%         3
 Vampiric Draining        Necr           #.........   98%         3
 Airstrike                Air            #.........   100%        4
 Animate Dead             Necr           #.........   100%        4
 Ice Form                 Ice/Tmut       #.......     100%        4
 Petrify                  Tmut/Erth      #.......     100%        4
 Agony                    Necr           #.......     100%        5
 Blade Hands              Tmut           #.........   100%        5
 Borgnjor's Vile Clutch   Necr/Erth      #.........   100%        5
 Lightning Bolt           Conj/Air       #.........   100%        5
 Metabolic Englaciation   Hex/Ice        #.........   100%        5
 Yara's Violent Unravell  Hex/Tmut       #.........   100%        5
 Death Channel            Necr           #.........   100%        6
 Freezing Cloud           Conj/Ice/Air   #.........   100%        6
 Simulacrum               Ice/Necr       #.........   100%        6


Dungeon Overview and Level Annotations

Branches:
Dungeon (14/15)            Temple (1/1) D:5            Lair (2/6) D:8
 Spider (2/4) Lair:2          Orc (0/2) D:9          Vaults (0/5) D:14
  Sewer (visited)         Ossuary (visited)
  Swamp: Lair:2-4    Shoals: Lair:2-4

Altars:
Ashenzari
Cheibriados
Dithmenos
Elyvilon
Fedhas
Gozag
Hepliaklqana
Kikubaaqudgha
Makhleb
Nemelex Xobeh
Okawaru
Qazlal
Ru
Sif Muna
Trog
Uskayaw
Vehumet
Wu Jian
Xom
Yredelemnul
Zin
The Shining One

Shops:
D:7 ((:(

Annotations:
D:3 exclusion: oklob plant
D:8 2 transporters, Gottschkopf's ghost, novice DrTm
D:9 2 transporters, Conn's ghost, novice OpWz
D:10 exclusion: orange crystal statue
D:13 Rupert
D:14 3 runed translucent doors, Oqenymn's ghost, journeyman DrTm


Innate Abilities, Weirdness & Mutations

((You reflexively headbutt those who attack you in melee.))
((You have a pair of horns on your head.))


Message History

The spark wasp stings you but does no damage. x2
You puncture the spark wasp!
The spark wasp is lightly wounded.
The spark wasp stings you.
* * * LOW HITPOINT WARNING * * *
The spark wasp shocks you!
* * * LOW HITPOINT WARNING * * *
You bludgeon the spark wasp!!
The spark wasp is heavily wounded.
The spark wasp stings you.
* * * LOW HITPOINT WARNING * * *
The spark wasp shocks you!
* * * LOW HITPOINT WARNING * * *
You feel better. You block the spark wasp's attack.
You sock the spark wasp!
The spark wasp is severely wounded.
The spark wasp stings you but does no damage.
The spark wasp bursts into living lightning!
The living lightning hits you!!
You die...

####.....
##........
#(.†.###..
####### ##..###
#..
#...#.###^...#
###
#......###...#
......##..†.##
#.....#......#
##♣....#.^....#
#.y!#.##.....##
#..#####.^....#
##.^#^.^#).....#
#..##...##..####
##......#..##
##....##..#
##........###
#...........##


You could see a spark wasp.

Vanquished Creatures
  Kirke (Spider:1)
  Donald (Spider:1)
  2 emperor scorpions
  A minotaur (Lair:2)
  The ghost of Iguemp the Fighter, a journeyman GrFE of Sif Muna (Lair:2)
  An ice dragon (D:14)
  2 hydras
  2 centaur warriors
  4 two-headed ogres
  A phantasmal warrior (D:14)
  5 orb spiders (Spider:1)
  A wolf spider zombie (D:14)
  A manticore (D:14)
  4 ugly things
  3 cyclopes
  Maurice (D:10)
  11 wolf spiders
  A black mamba (Lair:1)
  A torpor snail (Lair:2)
  Psyche (D:9)
  A cane toad (Lair:2)
  2 centaur skeletons (D:12)
  8 komodo dragons
  5 kobold demonologists
  An efreet (D:14)
  A freezing wraith (D:14)
  2 tengu conjurers (D:14)
  5 demonic crawlers
  5 trolls
  3 hornets
  10 jumping spiders
  4 slime creatures (D:12)
  8 blink frogs
  9 hippogriffs
  4 dream sheep (Lair:2)
  22 redbacks
  Sigmund (D:3)
  19 yaks
  3 wyverns
  2 hogs (Spider:1)
  A shadow (D:11)
  3 wraiths
  4 tarantellas
  4 vampire mosquitoes (D:14)
  Duvessa (D:4)
  7 water moccasins
  3 porcupines
  7 ice beasts
  11 orc warriors
  A black bear (D:9)
  A necrophage (D:9)
  2 phantoms (D:7)
  5 sky beasts
  9 ogres
  4 wolves (Lair:2)
  4 crocodiles
  3 centaurs
  Blork the orc (D:6)
  A big kobold (D:14)
  16 bullfrogs
  4 gnoll sergeants
  8 scorpions
  A wyvern skeleton (D:7)
  A water moccasin skeleton (D:8)
  Dowan (D:4)
  3 killer bees (D:7)
  10 wights
  3 electric eels
  3 howler monkeys
  A bullfrog zombie (D:9)
  4 centaur zombies
  A quasit (D:10)
  8 hounds
  5 jellies
  12 orc priests
  A gnoll shaman (D:7)
  A bullfrog skeleton (D:12)
  15 orc wizards
  2 iguanas
  12 worker ants
  A killer bee zombie (D:5)
  An ogre zombie (D:5)
  A hound skeleton (D:3)
  8 mummies (Ossuary)
  A worker ant zombie (D:7)
  12 adders
  18 gnolls
  A howler monkey skeleton (D:5)
  A shadow imp (D:8)
  2 white imps (D:6)
  2 ufetubi
  3 oozes
  2 adder skeletons
  A worm (D:2)
  A dart slug (D:3)
  9 leopard geckos
  99 orcs
  2 ball pythons (Sewer)
  9 giant cockroaches
  9 goblins
  14 hobgoblins
  5 jackals
  6 quokkas
  9 bats
  8 frilled lizards
  A giant cockroach zombie (D:6)
  3 hobgoblin zombies (Ossuary)
  18 kobolds
  A leopard gecko skeleton (D:4)
  7 orc zombies
  A quokka skeleton (D:9)
  8 rats
608 creatures vanquished.

Vanquished Creatures (others)
  A jumping spider (Spider:1)
  3 humans
  2 gnolls (D:8)
  13 plants
19 creatures vanquished.

Grand Total: 627 creatures vanquished

Notes
Turn   | Place    | Note
-------+----------+-------------------------------------------
     0 | D:1      | Gottschkopf the Minotaur Fighter began the quest for the
                  | Orb.
     0 | D:1      | Reached XP level 1. HP: 19/19 MP: 0/0
   107 | D:1      | Reached XP level 2. HP: 27/28 MP: 1/1
   279 | D:1      | Reached skill level 5 in Fighting
   371 | D:1      | Reached XP level 3. HP: 36/36 MP: 2/2
   796 | D:2      | Reached XP level 4. HP: 12/44 MP: 3/3
  1232 | D:2      | Found a white marble altar of Elyvilon.
  1949 | D:3      | Reached XP level 5. HP: 51/51 MP: 4/4
  2206 | D:3      | Found a glowing golden altar of the Shining One.
  2210 | D:3      | Noticed Sigmund
  2218 | D:3      | Killed Sigmund
  2218 | D:3      | Reached XP level 6. HP: 52/62 MP: 5/5
  2328 | D:3      | Found a blossoming altar of Fedhas.
  2342 | D:3      | Noticed an oklob plant
  2893 | D:4      | You fall into a shaft and drop 2 floors!
  2894 | D:6      | Noticed Blork the orc
  2917 | D:6      | Reached XP level 7. HP: 70/71 MP: 6/6
  2933 | D:6      | Killed Blork the orc
  2933 | D:6      | Reached skill level 10 in Fighting
  2947 | D:6      | Found an opulent altar of Gozag.
  3039 | D:6      | Reached XP level 8. HP: 43/82 MP: 7/7
  3055 | D:6      | Noticed a hornet
  3063 | D:6      | Found a sand-covered staircase.
  3067 | Ossuary  | Entered an ossuary
  3482 | D:6      | Killed a hornet
  4005 | D:6      | Found a basalt altar of Yredelemnul.
  4418 | D:7      | Found Husoevih's Book Shoppe.
  4524 | D:8      | Reached XP level 9. HP: 86/94 MP: 8/8
  4597 | D:8      | Reached skill level 5 in Armour
  5069 | D:7      | Found Yreuxt's Weapon Boutique.
  5076 | D:7      | Bought a +4 flail of protection for 314 gold pieces
  5094 | D:7      | Found Xeginon's Antique Weapon Emporium.
  5113 | D:7      | Reached skill level 3 in Maces & Flails
  5150 | D:7      | Got an ancient whip
  5151 | D:7      | Identified the +7 whip of the Shore {chaos, Str+4} (You
                  | found it on level 7 of the Dungeon)
  5176 | D:7      | Reached skill level 4 in Maces & Flails
  5322 | D:7      | Reached skill level 5 in Maces & Flails
  5421 | D:7      | Found Vunurghol's Antique Weapon Boutique.
  5494 | D:8      | Reached skill level 6 in Maces & Flails
  5499 | D:8      | Noticed a deep elf knight
  5499 | D:8      | Noticed Gottschkopf's ghost (novice DrTm)
  5500 | D:8      | Found a transporter.
  5501 | D:8      | Found a transporter.
  5502 | D:8      | Noticed a wizard
  5502 | D:8      | You fall into a shaft and drop 3 floors!
  5542 | D:11     | Noticed a brown ugly thing
  5570 | D:11     | Killed a brown ugly thing
  5570 | D:11     | Reached skill level 7 in Maces & Flails
  5618 | D:11     | Reached skill level 8 in Maces & Flails
  5618 | D:11     | Reached XP level 10. HP: 96/102 MP: 9/9
  5662 | D:10     | Entered Level 10 of the Dungeon
  5773 | D:9      | Found a transporter.
  5773 | D:9      | Found a transporter.
  5774 | D:9      | Noticed Conn's ghost (novice OpWz)
  5853 | D:8      | Reached skill level 9 in Maces & Flails
  6225 | D:8      | Reached skill level 10 in Maces & Flails
  6544 | D:8      | Found a staircase to the Lair.
  6718 | D:8      | Found a burning altar of Makhleb.
  6819 | D:8      | Learned a level 2 spell: Wereblood
  7084 | D:5      | Entered Level 5 of the Dungeon
  7114 | D:5      | Found a staircase to the Ecumenical Temple.
  7123 | Temple   | Entered the Ecumenical Temple
  7219 | Temple   | Became a worshipper of Warmaster Okawaru
  7260 | D:5      | Found a glowing drain.
  7269 | Sewer    | Entered a sewer
  7441 | Sewer    | Reached skill level 11 in Maces & Flails
  7875 | D:5      | Found a transporter.
  8100 | D:5      | Found a transporter.
  8842 | D:4      | Noticed Dowan
  8842 | D:4      | Noticed Duvessa
  8844 | D:4      | Killed Dowan
  8844 | D:4      | Reached * piety under Okawaru
  8855 | D:4      | Killed Duvessa
  9089 | D:4      | Reached skill level 12 in Maces & Flails
  9782 | D:9      | Found a staircase to the Orcish Mines.
  9942 | D:9      | Noticed a brown ugly thing
  9955 | D:9      | Killed a brown ugly thing
  9955 | D:9      | Reached ** piety under Okawaru
  9955 | D:9      | Reached XP level 11. HP: 89/108 MP: 10/10
 10042 | D:9      | Noticed Psyche
 10048 | D:9      | Killed Psyche
 10205 | D:9      | Noticed a two-headed ogre
 10213 | D:9      | Killed a two-headed ogre
 10213 | D:9      | Reached skill level 10 in Armour
 10216 | D:9      | Found a hide-covered altar of Uskayaw.
 10272 | D:9      | Reached *** piety under Okawaru
 10371 | D:9      | Found a shimmering blue altar of Sif Muna.
 10640 | D:9      | Found a radiant altar of Vehumet.
 10640 | D:9      | Found a shattered altar of Ashenzari.
 10641 | D:9      | Found a bloodstained altar of Trog.
 10670 | D:10     | Noticed an orange crystal statue
 11039 | D:10     | Noticed Maurice
 11061 | D:10     | Paralysed by something for 3 turns
 11076 | D:10     | Paralysed by something for 4 turns
 11090 | D:10     | Killed Maurice
 11140 | D:10     | Reached **** piety under Okawaru
 11143 | D:10     | Found an ancient bone altar of Kikubaaqudgha.
 11677 | D:11     | Learned a level 2 spell: Slow
 11920 | D:11     | Reached skill level 1 in Hexes
 12319 | D:11     | Noticed a two-headed ogre
 12324 | D:11     | Killed a two-headed ogre
 12324 | D:11     | Reached ***** piety under Okawaru
 12365 | D:11     | Noticed a white ugly thing
 12372 | D:11     | Killed a white ugly thing
 12567 | D:13     | Noticed a centaur warrior
 12575 | D:13     | Killed a centaur warrior
 12575 | D:13     | Received a gift from Okawaru
 12620 | D:12     | Noticed a two-headed ogre
 12622 | D:12     | Noticed a two-headed ogre
 12640 | D:12     | Killed a two-headed ogre
 12640 | D:12     | Reached XP level 12. HP: 38/116 MP: 11/11
 12651 | D:12     | Killed a two-headed ogre
 12720 | D:12     | Reached skill level 5 in Hexes
 12976 | D:12     | Found a shimmering altar of Xom.
 12976 | D:12     | Found a shimmering altar of Xom.
 12976 | D:12     | Found a shimmering altar of Xom.
 13046 | D:12     | Found a shimmering altar of Xom.
 13046 | D:12     | Found a shimmering altar of Xom.
 13051 | D:12     | Found a gate leading to a gauntlet.
 13086 | D:12     | Reached skill level 1 in Dodging
 13703 | D:13     | Noticed Rupert
 13722 | D:12     | Reached skill level 5 in Dodging
 13820 | D:13     | Paralysed by Rupert for 3 turns
 14145 | D:14     | Noticed a centaur warrior
 14152 | D:14     | Killed a centaur warrior
 14173 | D:14     | Received a gift from Okawaru
 14664 | D:14     | Found a runed translucent gate.
 14664 | D:14     | Found a runed translucent gate.
 14666 | D:14     | Found a runed translucent gate.
 14669 | D:14     | Noticed Oqenymn's ghost (journeyman DrTm)
 14707 | D:14     | Got a twisted morningstar
 14708 | D:14     | Identified the +6 morningstar of the Land of Plenty {pain,
                  | rPois Dex+4} (You found it on level 14 of the Dungeon)
 15094 | D:14     | Reached XP level 13. HP: 113/123 MP: 12/12
 15633 | D:14     | Found a gate to the Vaults.
 15708 | D:14     | Reached skill level 10 in Dodging
 15714 | D:14     | Reached ****** piety under Okawaru
 15999 | Lair:1   | Entered Level 1 of the Lair of Beasts
 16173 | Lair:1   | Received a gift from Okawaru
 17463 | Lair:2   | Found a runed translucent gate.
 17463 | Lair:2   | Found a runed translucent gate.
 17463 | Lair:2   | Found a runed translucent gate.
 17478 | Lair:2   | Noticed Iguemp's ghost (journeyman GrFE)
 17480 | Lair:2   | Noticed a minotaur
 17486 | Lair:2   | Killed Iguemp's ghost
 17501 | Lair:2   | Killed a minotaur
 17501 | Lair:2   | Reached skill level 13 in Maces & Flails
 17664 | Lair:2   | Received a gift from Okawaru
 18139 | Lair:2   | Reached skill level 14 in Maces & Flails
 18153 | Lair:2   | Found a hole to the Spider Nest.
 18215 | Lair:2   | Received a gift from Okawaru
 18469 | Spider:1 | Entered Level 1 of the Spider Nest
 18568 | Lair:2   | Reached skill level 5 in Shields
 19422 | Spider:1 | Reached XP level 14. HP: 112/130 MP: 13/13
 19715 | Spider:1 | Noticed Kirke
 19736 | Spider:1 | Killed Kirke
 19736 | Spider:1 | Reached skill level 15 in Maces & Flails
 19736 | Spider:1 | Reached skill level 1 in Stealth
 19738 | Spider:1 | Received a gift from Okawaru
 19762 | Spider:1 | Got a steaming halberd
 19768 | Spider:1 | Identified the +7 halberd of Peorghima {antimagic, rPois}
                  | (You found it on level 1 of the Spider Nest)
 19922 | Spider:1 | Noticed Donald
 19949 | Spider:1 | Killed Donald
 19964 | Spider:1 | Noticed an emperor scorpion
 19994 | Spider:1 | Killed an emperor scorpion
 20653 | Spider:2 | Received a gift from Okawaru
 20839 | Spider:2 | Noticed an emperor scorpion
 20866 | Spider:2 | Killed an emperor scorpion
 20871 | Spider:2 | HP: 5/195 [spark wasp (12)]
 20873 | Spider:2 | Killed from afar by a spark wasp

Illustrated notes

Levels and vault maps discovered:
D:1:      scummos_arrival_hexagon, layout_loops_cross
D:2:      layout_basic, elyvilon_altar_5
D:3:      layout_basic, tso_metal_star, tgw_fedhas, kennysheep_another_room,
          minmay_unequal, uniq_sigmund
D:4:      layout_basic, uniq_duvessa
D:5:      gammafunk_cloud_chamber, layout_basic,
          minmay_temple_entry_gardened_gates, portal_sewer_entry_f
D:6:      layout_basic, kennysheep_mini, grunt_gozag_breadcrumbs,
          enter_ossuary_5, sword_in_stone, uniq_blork_the_orc
D:7:      layout_rooms, serial_shops, shop, shop, kennysheep_mini_moat, shop
D:8:      layout_loops_ring, lightli_temple_of_fire, gammafunk_ghost_arena,
          serial_bayou_ford_a
D:9:      layout_small_grid, lemuel_crystal_altar,
          gammafunk_temple_overflow_claw, lemuel_crystal_altar,
          hiddenorc2_lemuel, gammafunk_ghost_hive, uniq_psyche
D:10:     layout_irregular_city, minivault_15, tgw_kikubaaqudgha, uniq_maurice
D:11:     layout_basic
D:12:     layout_cave_pools, gauntlet_entry_generic, xom_shifter_show
D:13:     layout_rooms, minmay_misc_feat_encased, grunt_ministairs_2,
          uniq_rupert
D:14:     layout_basic, david_vaults_4, gammafunk_ghost_spectres,
          enter_bailey_2, chequers_mini_garden
Temple:   jpeg_temple_clearing
Lair:1:   layout_cave_pods, beast_lair_carwin_10
Lair:2:   layout_gridlike, dummy_spider_entry, maelrawn_ghost_gauntlet_escape,
          grunt_megastairs_1, serial_bayou_shore_a
Spider:1: layout_spider_delve, uniq_kirke, uniq_donald
Spider:2: layout_spider_delve

Skill      XL: |  1  2  3  4  5  6  7  8  9 10 11 12 13 14 |
---------------+-------------------------------------------+-----
Fighting       | 4 5 6 8 9 11 13 | 13.8
Armour         | 7 9 12 | 12.9
Maces & Flails | 8 12 14 15 | 15.9
Hexes          | 4 6 |  6.0
Dodging        | 9 11 | 11.0
Long Blades    | 2 |  2.2
Shields        | 7 9 |  9.1
Stealth        | 2 |  2.2
Axes           | |  0.9

Action                   |  1- 3 |  4- 6 |  7- 9 | 10-12 | 13-15 || total
-------------------------+-------+-------+-------+-------+-------++-------
Melee: Flail             |    91 |   145 |   331 |   819 |       ||  1386
       Headbutt          |    12 |    18 |    70 |   171 |   168 ||   439
       War axe           |       |       |     6 |       |       ||     6
       Morningstar       |       |       |       |    62 |   490 ||   552
       Scimitar          |       |       |       |       |    14 ||    14
  Use: Potion            |       |     1 |     2 |     2 |     5 ||    10
       Scroll            |       |       |    18 |    15 |       ||    33
 Stab: Distracted        |       |     1 |       |       |       ||     1
       Invisible         |       |       |       |       |    10 ||    10
Armor: Scale mail        |    29 |    16 |       |       |       ||    45
       Chain mail        |       |    41 |   175 |   423 |   235 ||   874
       Skin              |       |       |       |       |     3 ||     3
Dodge: Dodged            |    33 |    60 |   121 |   350 |   461 ||  1025
Block: Kite shield       |    48 |    66 |   182 |   390 |   278 ||   964
       Rpst.: Scimitar   |       |       |       |       |     2 ||     2

Table legend: (Time is in decaauts)
 A = Elapsed time spent in this place.
 B = Non-inter-level travel time spent in this place.
 C = Inter-level travel time spent in this place.
 D = Time resting spent in this place.
 E = Time spent auto-exploring this place.
 F = Levels seen in this place.
 G = Mean time per level.
                   A        B        C        D        E       F      G
               +--------+--------+--------+--------+--------+-----+--------+
         Total |  21036 |  20022 |   1014 |   2661 |  12738 |  21 | 1001.7 |
       Dungeon |  15197 |  14292 |    905 |   1435 |   9344 |  14 | 1085.5 |
        Temple |    106 |     77 |     29 |      0 |     70 |   1 |  106.0 |
          Lair |   3211 |   3160 |     51 |   1026 |   1635 |   2 | 1605.5 |
   Spider Nest |   1594 |   1565 |     29 |    200 |    994 |   2 |  797.0 |
         Sewer |    523 |    523 |      0 |      0 |    394 |   1 |  523.0 |
       Ossuary |    403 |    403 |      0 |      0 |    300 |   1 |  403.0 |
               +--------+--------+--------+--------+--------+-----+--------+

Top non-repeatable levels by time:
    D:14: 2032 daAuts
  Lair:2: 1894 daAuts
     D:8: 1456 daAuts
Spider:1: 1380 daAuts
     D:6: 1349 daAuts
  Lair:1: 1316 daAuts
    D:12: 1159 daAuts
     D:5: 1139 daAuts
    D:11: 1110 daAuts
     D:9: 1078 daAuts
     D:3: 1074 daAuts
     D:7: 1022 daAuts
    D:10: 1012 daAuts
     D:2: 973 daAuts
     D:4: 911 daAuts
